 Dungeon Crawl Stone Soup version 0.23-a0-677-g07611c5723 (webtiles) character file.

14559 Roikka the Grappler (level 11, -17/111 HPs)
             Began as a Troll Monk on Sept 13, 2018.
             Was a High Priest of Wu Jian.
             Demolished by an eight-headed hydra (18 damage)
             ... on level 10 of the Dungeon on Jan 10, 2019.
             The game lasted 00:55:04 (10407 turns).

Roikka the Grappler (Troll Monk)                   Turns: 10407, Time: 00:55:05

Health: -17/111    AC:  9    Str: 22    XL:     11   Next: 90%
Magic:  13/14      EV: 14    Int:  9    God:    Wu Jian [*****.]
Gold:   421        SH:  0    Dex: 14    Spells: 14/15 levels left

rFire    . . .     SeeInvis .     - Unarmed
rCold    . . .     Gourm    +   (no shield)
rNeg     . . .     Faith    .   I - +2 robe {MR+}
rPois    .         Spirit   .   p - +2 hat {Int+3}
rElec    .         Reflect  .   G - scarf {cloud immunity}
rCorr    +         Harm     .   (gloves unavailable)
MR       ++...                  (boots unavailable)
Stlth    ++........             (no amulet)
HPRegen  0.68/turn              t - ring of protection from magic
MPRegen  0.14/turn              o - ring of resist corrosion

@: confusing touch
A: large, unfitting armour, claws 3, fast metabolism 3, gourmand, regeneration
1, shaggy fur 1, tough skin 2
a: Wall Jump, Serpent's Lash, Heavenly Storm, Renounce Religion


You were on level 10 of the Dungeon.
You worshipped Wu Jian.
Wu Jian was extremely pleased with you.
You were very full.

You visited 1 branch of the dungeon, and saw 10 of its levels.

You collected 597 gold pieces.
You spent 176 gold pieces at shops.

Inventory:

Hand Weapons
 a - a +2 fustibalus
 C - a +2 scimitar of flaming
Missiles
 f - 3 javelins
 h - 362 stones (quivered)
 j - 6 tomahawks
 n - 61 sling bullets
Armour
 d - a +0 large shield
 e - a +0 cloak
 p - a +2 hat of intelligence (worn)
 B - a +2 robe of positive energy
 G - a scarf of cloud immunity (worn)
 I - a +2 robe of magic resistance (worn)
Jewellery
 l - an uncursed ring of wizardry
 m - an uncursed ring of positive energy
 o - a ring of resist corrosion (right claw)
 q - an uncursed ring of wizardry
 t - a ring of protection from magic (left claw)
 y - an uncursed ring of magical power
 F - an uncursed ring of magical power
 M - an uncursed ring of see invisible
Wands
 u - a wand of enslavement (10)
 v - a wand of acid (9)
 E - a wand of random effects (26)
 J - a wand of digging (4)
Scrolls
 g - 5 scrolls of remove curse
 i - 5 scrolls of identify
 k - 5 scrolls of teleportation
 r - 5 scrolls of enchant weapon
 z - 4 scrolls of fog
 K - a scroll of random uselessness {unknown}
 L - a scroll of fear
 N - a scroll of summoning {unknown}
 O - a scroll of vulnerability
 P - a scroll of magic mapping
Potions
 c - 2 potions of invisibility
 s - a potion of ambrosia
 w - 2 potions of flight
 x - a potion of berserk rage
 A - 2 potions of heal wounds
 D - a potion of haste
Comestibles
 b - 27 rations


   Skills:
 + Level 8.0 Fighting
 - Level 1.0 Slings
 + Level 7.9 Dodging
 - Level 1.0 Stealth
 * Level 12.6 Unarmed Combat
 + Level 2.8 Spellcasting
 - Level 4.0 Hexes


You had 14 spell levels left.
You knew the following spells:

 Your Spells              Type           Power        Failure   Level  Hunger
a - Confusing Touch       Hex            #.....       6%          1    ##.....

Your spell library contained the following spells:

 Spells                   Type           Power        Failure   Level  Hunger
 Confuse                  Hex            #.......     19%         3    ####...
 Infusion                 Chrm           #...         30%         1    ##.....
 Spectral Weapon          Hex/Chrm       #.......     38%         3    ####...
 Shroud of Golubria       Chrm/Tloc      #.........   43%         2    ###....
 Song of Slaying          Chrm           #.......     43%         2    ###....
 Gell's Gravitas          Tloc           #.........   67%         3    ####...
 Regeneration             Chrm/Necr      #.........   67%         3    ####...
 Petrify                  Tmut/Erth      #.......     97%         4    #####..
 Metabolic Englaciation   Hex/Ice        #.........   98%         5    ######.
 Yara's Violent Unravell  Hex/Tmut       #.........   98%         5    ######.


Dungeon Overview and Level Annotations

Branches:
Dungeon (10/15)            Temple (0/1) D:7             Orc (0/2) D:9
   Lair: D:8-11

Altars:
Dithmenos
Fedhas
Hepliaklqana
Kikubaaqudgha
Nemelex Xobeh
Okawaru
Ru
Wu Jian
Xom

Shops:
D:7 [   D:10 ?


Innate Abilities, Weirdness & Mutations

You are too large for most types of armour.
You have claws for hands.
Your metabolism is lightning-fast.
You like to eat raw meat.
Your natural rate of healing is unusually fast.
You are covered in fur. (AC +1)
You have very tough skin. (AC +2)


Message History

The eight-headed hydra closely misses you.
The eight-headed hydra bites you!
The eight-headed hydra bites you but does no damage.
The eight-headed hydra misses you.
The eight-headed hydra barely misses you.
Casting: Confusing Touch (safe; 6% risk of failure)
Confirm with . or Enter, or press ? or * to list all spells.
Your claws begin to glow red.
The eight-headed hydra bites you!
* * * LOW HITPOINT WARNING * * *
The eight-headed hydra barely misses you.
The eight-headed hydra bites you!
* * * LOW HITPOINT WARNING * * *
The eight-headed hydra bites you but does no damage.
The eight-headed hydra bites you!!
* * * LOW HITPOINT WARNING * * *
The eight-headed hydra barely misses you.
The eight-headed hydra bites you.
* * * LOW HITPOINT WARNING * * *
The eight-headed hydra bites you!!
You die...

###### ## ### ### ### #.').#
#8###8###8###8###8######.#####
.......KKFZFWD@.'.....'..#...#
#8###8#K#8###8###8#.###..#...##
# #†### ### ###+#....#...#.


WKK #....###)#. ..FKK #........#. ....... ####.###'#. .F..(.K.K #.#...#<
.....⌠.°... #.#...#. ............. #.#...#. You could see an eight-headed hydra,
a hungry ghost, a big kobold, 2 bullfrogs, 2 kobolds and a centaur warrior
skeleton.

Vanquished Creatures
  Gastronok (D:8)
  Harold (D:9)
  A centaur warrior (D:10)
  Erica (D:8)
  3 two-headed ogres
  Pikel (D:7)
  2 deep elf magi
  An ugly thing (D:7)
  A centaur zombie (D:10)
  3 trolls
  A hornet (D:9)
  Prince Ribbit (D:8)
  A spriggan (D:10)
  5 yaks (D:9)
  A wyvern (D:10)
  2 humans
  A steam dragon (D:10)
  A warg (D:9)
  Duvessa (D:7)
  4 orc warriors
  3 black bears
  5 ice beasts
  3 sky beasts
  3 slaves (D:7)
  A phantom (D:6)
  2 ogres
  A centaur (D:7)
  2 crocodiles
  4 bullfrogs
  A big kobold (D:7)
  Dowan (D:7)
  A wyvern skeleton (D:7)
  A scorpion (D:8)
  A water moccasin skeleton (D:8)
  A killer bee (D:10)
  9 wights
  2 quasits
  3 crimson imps
  3 howler monkeys (D:8)
  2 bullfrog zombies
  4 hounds
  14 orc wizards
  9 orc priests
  2 bullfrog skeletons
  2 iguanas
  Ijyb (D:4)
  7 worker ants
  3 worker ant zombies
  3 gnolls (D:7)
  2 howler monkey skeletons
  6 adders
  3 shadow imps
  An adder zombie (D:8)
  An adder skeleton (D:6)
  3 worms (D:2)
  A dart slug (D:1)
  6 leopard geckos
  25 orcs
  4 bats
  5 giant cockroaches
  6 hobgoblins
  5 jackals
  9 kobolds
  4 quokkas
  2 ball pythons (D:1)
  2 frilled lizards
  9 goblins
  A jackal skeleton (D:4)
  3 leopard gecko skeletons
  A quokka skeleton (D:9)
  9 rats
235 creatures vanquished.

Notes
Turn   | Place    | Note
-------+----------+-------------------------------------------
     0 | D:1      | Roikka the Troll Monk began the quest for the Orb.
     0 | D:1      | Reached XP level 1. HP: 22/22 MP: 0/0
   228 | D:1      | Reached XP level 2. HP: 20/29 MP: 1/1
   820 | D:2      | Reached XP level 3. HP: 36/36 MP: 2/2
   828 | D:2      | Found a blossoming altar of Fedhas.
  1971 | D:3      | Reached skill level 4 in Unarmed Combat
  1971 | D:3      | Reached XP level 4. HP: 21/45 MP: 3/3
  2240 | D:3      | Found an ancient bone altar of Kikubaaqudgha.
  2335 | D:3      | Reached XP level 5. HP: 51/53 MP: 4/4
  2514 | D:4      | Found an iron altar of Okawaru.
  2596 | D:4      | Noticed Ijyb
  2614 | D:4      | Killed Ijyb
  2909 | D:4      | Found an ornate altar of the Wu Jian Council.
  2917 | D:4      | Became a worshipper of the Wu Jian Council
  2917 | D:4      | Reached * piety under Wu Jian
  2917 | D:4      | Reached ** piety under Wu Jian
  2944 | D:4      | Reached skill level 1 in Slings
  3053 | D:4      | Reached XP level 6. HP: 39/61 MP: 5/5
  3269 | D:4      | Reached skill level 5 in Unarmed Combat
  3397 | D:5      | Entered Level 5 of the Dungeon
  3402 | D:5      | Noticed an ice beast
  3506 | D:5      | Killed an ice beast
  3814 | D:5      | Reached XP level 7. HP: 68/68 MP: 6/6
  3851 | D:5      | Reached skill level 6 in Unarmed Combat
  3928 | D:5      | Found a sacrificial altar of Ru.
  5146 | D:6      | Reached skill level 7 in Unarmed Combat
  5146 | D:6      | Reached XP level 8. HP: 78/79 MP: 7/7
  5288 | D:7      | Reached *** piety under Wu Jian
  5297 | D:7      | Noticed a green ugly thing
  5352 | D:7      | Found a staircase to the Ecumenical Temple.
  5352 | D:7      | Noticed Duvessa
  5373 | D:7      | Noticed Dowan
  5377 | D:7      | Killed Duvessa
  5486 | D:7      | Killed Dowan
  5589 | D:7      | Noticed Pikel
  5629 | D:7      | Reached skill level 5 in Fighting
  5629 | D:7      | Reached skill level 5 in Dodging
  5629 | D:7      | Reached skill level 8 in Unarmed Combat
  5669 | D:7      | Killed Pikel
  5669 | D:7      | Reached XP level 9. HP: 61/88 MP: 8/8
  5733 | D:7      | Found a shimmering altar of Xom.
  5857 | D:7      | Reached skill level 9 in Unarmed Combat
  5950 | D:7      | Found Ugynkor's Armour Boutique.
  6125 | D:7      | Killed a green ugly thing
  6338 | D:7      | Found a shadowy altar of Dithmenos.
  6934 | D:8      | Upgraded the game from 0.23-a0-171-g5ae17c6e89 to
                  | 0.23-a0-677-g07611c5723
  6936 | D:8      | Learned a level 1 spell: Confusing Touch
  6998 | D:8      | Noticed Erica
  7015 | D:8      | Killed Erica
  7015 | D:8      | Reached skill level 10 in Unarmed Combat
  7015 | D:8      | Reached skill level 1 in Hexes
  7064 | D:8      | Noticed a two-headed ogre
  7082 | D:8      | Killed a two-headed ogre
  7082 | D:8      | Reached XP level 10. HP: 80/100 MP: 9/9
  7093 | D:8      | Noticed Prince Ribbit
  7108 | D:8      | Killed Prince Ribbit
  7213 | D:8      | Noticed a deep elf mage
  7426 | D:8      | Killed a deep elf mage
  7543 | D:8      | Reached skill level 11 in Unarmed Combat
  7558 | D:8      | Noticed Gastronok
  7580 | D:8      | Killed Gastronok
  7580 | D:8      | Reached skill level 1 in Spellcasting
  8083 | D:9      | Reached **** piety under Wu Jian
  8088 | D:9      | Reached XP level 11. HP: 105/109 MP: 8/12
  8584 | D:9      | Found a staircase to the Orcish Mines.
  8917 | D:9      | Found a hazy altar of Hepliaklqana.
  9022 | D:9      | Noticed Harold
  9038 | D:9      | Killed Harold
  9038 | D:9      | Reached skill level 12 in Unarmed Combat
  9071 | D:9      | Paralysed by a hornet for 2 turns
  9388 | D:9      | Reached ***** piety under Wu Jian
  9388 | D:9      | Noticed a two-headed ogre
  9422 | D:9      | Killed a two-headed ogre
  9689 | D:10     | Entered Level 10 of the Dungeon
  9735 | D:10     | Noticed a deep elf mage
  9750 | D:10     | Killed a deep elf mage
  9913 | D:10     | Noticed a two-headed ogre
  9918 | D:10     | Killed a two-headed ogre
  9933 | D:10     | Found a sparkling altar of Nemelex Xobeh.
 10022 | D:10     | Found Ymmoalouso's Magic Scroll Shoppe.
 10025 | D:10     | Bought a scroll of vulnerability for 120 gold pieces
 10025 | D:10     | Bought a scroll of magic mapping for 56 gold pieces
 10278 | D:10     | Noticed a centaur warrior
 10286 | D:10     | Killed a centaur warrior
 10392 | D:10     | Noticed a five-headed hydra
 10407 | D:10     | HP: 5/111 [eight-headed hydra (18)]
 10407 | D:10     | HP: 1/111 [eight-headed hydra (4)]
 10407 | D:10     | Demolished by an eight-headed hydra

Vault maps used:
D:1:      dpeg_arrival_castle
D:2:      lemuel_crystal_altar, first_ration
D:3:      overflow_temple_1_default
D:4:      lemuel_round_altar, nicolae_overflow_crystal_walls, uniq_ijyb
D:5:      kennysheep_mini
D:7:      nicolae_dithmenos_through_a_glass_darkly,
          minmay_temple_entry_butterflies, serial_shops,
          nicolae_shop_behind_doors, xom_teletrap_fun, uniq_pikel, uniq_duvessa
D:8:      minmay_the_grid_plus_closed, uniq_gastronok, uniq_prince_ribbit1,
          uniq_erica
D:9:      erik_orc_4, basic_altar, uniq_harold
D:10:     wad_statue_garden, serial_shops, shop, hangedman_stone_soup,
          nemelex_diamond_rough_becter, uniq_joseph

Skill      XL: |  1  2  3  4  5  6  7  8  9 10 11 |
---------------+----------------------------------+-----
Fighting       | 3 4 5 6 7 8 |  8.0
Unarmed Combat | 4 5 7 8 10 11 12 | 12.6
Dodging        | 3 4 5 6 7 |  7.9
Slings         | 1 |  1.0
Hexes          | 1 3 4 |  4.0
Spellcasting   | 1 2 |  2.8
Stealth        | |  1.0

Action                   |  1- 3 |  4- 6 |  7- 9 | 10-12 || total
-------------------------+-------+-------+-------+-------++-------
Melee: Unarmed           |    80 |   110 |   300 |   333 ||   823
       Punch             |       |     2 |     8 |    18 ||    28
       Fustibalus        |       |     1 |       |       ||     1
 Fire: Fustibalus        |    25 |    13 |     6 |    11 ||    55
Throw: Stone             |    21 |     6 |     3 |    24 ||    54
 Cast: Confusing Touch   |       |       |       |    19 ||    19
Invok: Whirlwind         |       |    36 |    59 |    36 ||   131
       Lunge             |       |     4 |    28 |    34 ||    66
       Wall Jump         |       |       |    16 |       ||    16
       Serpent's Lash    |       |       |     1 |     1 ||     2
 Abil: Wall Jump         |       |     4 |    12 |       ||    16
  Use: Scroll            |       |       |    15 |     5 ||    20
       Potion            |       |       |     3 |     1 ||     4
 Stab: Sleeping          |     2 |       |       |       ||     2
       Invisible         |       |       |     1 |       ||     1
       Confused          |       |       |       |     8 ||     8
  Eat: Chunk             |    23 |    17 |    31 |    30 ||   101
Armor: Robe              |    13 |    24 |    90 |    56 ||   183
Dodge: Dodged            |    39 |    61 |   144 |   137 ||   381
Block: Large shield      |       |       |    10 |       ||    10

Table legend:
 A = Non-vault XP
 B = Vault XP
 C = Vault XP percentage of total XP
 D = Non-vault monster count
 E = Vault monster count
 F = Vault count percentage of total count
                 A         B        C        D         E       F
            +---------+---------+-------+---------+---------+-------
      Total |   11119 |    9680 |  46.5 |     190 |      42 |  18.1
            +---------+---------+-------+---------+---------+-------
        D:1 |      35 |       0 |   0.0 |      20 |       0 |   0.0
        D:2 |      39 |       0 |   0.0 |      17 |       0 |   0.0
        D:3 |     142 |       0 |   0.0 |      16 |       0 |   0.0
        D:4 |     177 |      36 |  16.9 |      10 |       1 |   9.1
        D:5 |     619 |       0 |   0.0 |      23 |       0 |   0.0
        D:6 |     386 |       0 |   0.0 |      14 |       0 |   0.0
        D:7 |    1872 |     843 |  31.0 |      26 |       3 |  10.3
        D:8 |    1614 |    4849 |  75.0 |      13 |      12 |  48.0
        D:9 |    4246 |    1651 |  28.0 |      42 |      16 |  27.6
       D:10 |    1989 |    2301 |  53.6 |       9 |      10 |  52.6
            +---------+---------+-------+---------+---------+-------
